 Dungeon Crawl Stone Soup version 0.31-a0-986-g5e6e4ef867 (webtiles) character file.

Game seed: 7624711171001737367

189 LeprechaunX the Changeling (level 5, -2/52 HPs)
             Began as an Octopode Shapeshifter on Nov 22, 2023.
             Was an Initiate of Ru.
             Slain by a gnoll
             ... wielding a +0 club
             ... led by a gnoll bouda
              (3 damage)
             ... on level 4 of the Dungeon.
             The game lasted 00:03:09 (2633 turns).

LeprechaunX the Changeling (Octopode Shapeshifter)  Turns: 2633, Time: 00:03:10

Health: -2/52      AC: 22    Str: 14    XL:     5   Next: 68%
Magic:  5/5        EV:  2    Int: 12    God:    Ru [......]
Gold:   117        SH:  0    Dex: 13    Spells: 4/4 levels left

rFire   + .          .
                       - Unarmed
rCold   . . .        (no shield)
rNeg    . . .        (helmet currently unavailable)
rPois   +            (no amulet)
rElec   .            e - ring of protection from fire
rCorr   .            (no ring)
SInv    .            (no ring)
Will    .....        (no ring) Stlth
                     (no ring)
HPRegen 0.28/turn    (no ring)
MPRegen 0.09/turn    (no ring)
                     (no ring)

%: no passive effects
@: tree-form, weakened
A: stationary, stasis, torment immunity, boosted hp, almost no armour,
(amphibious), 8 rings, (camouflage 1), (gelatinous body 1), no stealth, (nimble
swimmer 1), (tentacles)
a: Renounce Religion


You were on level 4 of the Dungeon.
You worshipped Ru.
Ru was noncommittal.
You were a tree.
You visited 1 branch of the dungeon, and saw 6 of its levels.

You collected 117 gold pieces.

Inventory:

Hand Weapons
 a - a +0 sling
Missiles
 o - a throwing net
Jewellery
 e - a ring of protection from fire (left branch)
 f - a ring of fire
Talismans
 b - a beast talisman
 c - a flux talisman
Wands
 m - a wand of polymorph (11)
Scrolls
 d - 2 scrolls of brand weapon {unknown}
 i - 3 scrolls of immolation {unknown}
 j - 5 scrolls of teleportation {unknown}
 k - 3 scrolls of identify {unknown}
Potions
 g - a potion of curing {unknown}
 h - 2 potions of cancellation {unknown}
 l - a potion of invisibility {unknown}
 n - 2 potions of lignification


   Skills:
 + Level 2.5 Fighting
 - Level 2.0 Dodging
 + Level 3.9 Unarmed Combat
 + Level 1.5 Evocations
 * Level 4.4 Shapeshifting


You had 4 spell levels left.
You didn't know any spells.
Your spell library was empty.

Dungeon Overview and Level Annotations

Branches:
Dungeon (6/15)
 Temple: D:4-7

Altars:
Ru

Shops:
D:2 :


Innate Abilities, Weirdness & Mutations

You are a tree.
Your roots penetrate the ground, keeping you stationary.
You cannot be teleported.
You are immune to unholy pain and torment.
Your maximum health is greatly increased.
You cannot wear most types of armour.
((You are amphibious.))
You can wear up to eight rings at the same time.
((Your skin changes colour to match your surroundings (Stealth+).))
((Your rubbery body absorbs attacks. (AC +1, EV +1)))
You cannot be stealthy.
((You are camouflaged when in or above water. (Stealth+)))
((You have tentacles for arms and can constrict up to eight enemies at once.))


Message History

You see here a hound corpse.
You climb upwards.
You hear the sound of rushing water.
There is an entrance to a sewer on this level.
Hurry and find it before the portal rusts away!
The gnoll bouda shouts!
The gnoll shouts! x3; The orc shouts!
The orc wizard shouts!
The orc shouts!
Found 5 gold pieces.
Found an escape hatch in the ceiling.
Found a stone staircase leading down.
There is a stone staircase leading down here.
A scorpion comes into view.
The orc wizard points at you and mumbles some strange words.
The puff of flame hits you. You resist. The gnoll barely misses you.
The gnoll bouda hits you with a +0 whip!
The gnoll closely misses you. The gnoll barely misses you.
There is an escape hatch in the ceiling, spattered with blood here.
The gnoll barely misses you.
The gnoll bouda gazes fiercely through you!
You feel your attacks grow feeble.
The gnoll bouda hits you with a +0 whip.
The gnoll hits you with a +0 club.
* * * LOW HITPOINT WARNING * * *
A mysterious force pulls you upwards. The hatch slams shut behind you.
You closely miss the gnoll. Your grab misses the gnoll.
The gnoll bouda barks out a call to the hunt!
The gnolls pick up the pace!
The gnoll closely misses you. The gnoll hits you with a +0 whip.
* * * LOW HITPOINT WARNING * * *
Unknown command.
Your transformation has ended.
You turn into a tree.
Your roots penetrate the ground.
The gnoll hits you but does no damage. x2
The gnoll bouda hits you but does no damage.
You hit the gnoll bouda.
The gnoll bouda is moderately wounded.
You hit the gnoll bouda but do no damage.
The gnoll bouda is moderately wounded.
The gnoll bouda hits you with a +0 whip!
* * * LOW HITPOINT WARNING * * *
The gnoll hits you with a +0 club.
You die...

####
...#
#..#
#..###
#.gg###
#♣g.#
###.#
.. ##


You could see a gnoll bouda and 2 gnolls.

Vanquished Creatures
  A hound (D:6)
  An orc wizard (D:3)
  An iguana (D:6)
  3 gnolls (D:3)
  An adder (D:2)
  2 dart slugs
  6 orcs (D:3)
  7 ball pythons
  5 endoplasms
  A giant cockroach (D:1)
  6 goblins
  3 hobgoblins
  3 quokkas
  10 bats
  4 frilled lizards
  7 kobolds
  5 rats (D:1)
66 creatures vanquished.

Notes
Turn   | Place    | Note
-------+----------+-------------------------------------------
     0 | D:1      | LeprechaunX the Octopode Shapeshifter began the quest for
                  | the Orb.
     0 | D:1      | Reached XP level 1. HP: 13/13 MP: 1/1
   177 | D:1      | Reached XP level 2. HP: 18/18 MP: 2/2
   375 | D:1      | Reached XP level 3. HP: 23/23 MP: 3/3
   414 | D:1      | Found a faded altar of an unknown god.
   716 | D:1      | Prayed at the altar of an unknown god.
   716 | D:1      | Became a worshipper of Ru the Awakened
   729 | D:1      | Gained mutation: You cannot be stealthy. [Ru sacrifice]
   838 | D:2      | Found Jinoach's Vocational Training.
  2101 | D:3      | Reached skill level 4 in Shapeshifting
  2101 | D:3      | Reached XP level 4. HP: 29/29 MP: 4/4
  2186 | D:3      | Reached skill level 1 in Evocations
  2192 | D:3      | Reached XP level 5. HP: 14/34 MP: 5/5
  2600 | D:3      | You fall into a shaft and drop 3 floors!
  2625 | D:5      | Entered Level 5 of the Dungeon
  2633 | D:4      | HP: 1/52 [gnoll bouda/+0 whip (8)]
  2633 | D:4      | Slain by a gnoll

Illustrated notes

Levels and vault maps discovered:
D:1:      dpeg_arrival_three_bigger_balls, layout_basic,
          hellmonk_ecumenical_altar_leap_of_faith, minmay_tromino_v2
D:2:      layout_basic, nicolae_shop_vocational
D:3:      layout_basic, serial_shops, nicolae_shop_trees, serial_bayou_crossing
D:4:      layout_basic, nemelex_altar_shiori, minmay_temple_entry_slanted,
          serial_shops, shop, kennysheep_generic_room_7, uniq_grinder
D:5:      lemuel_insect_pit, layout_rooms, marbit_many_paths,
          portal_sewer_entry_e
D:6:      layout_loops_ring, mrwooster_statue_mirror

Skill      XL: |  1  2  3  4 |
---------------+-------------+-----
Fighting       | 2 |  2.5
Shapeshifting  | 4 |  4.4
Evocations     | 1 |  1.5
Dodging        | |  2.0
Unarmed Combat | |  3.9

Action                     |  1- 3 |  4- 6 || total
---------------------------+-------+-------++-------
  Melee: Unarmed           |    73 |    47 ||   120
         Constrict         |    22 |    13 ||    35
         Tentacles         |    21 |    10 ||    31
         Punch             |     2 |     1 ||     3
 Invoke: Sacrifice Stealth |     1 |       ||     1
    Use: Potion            |       |     1 ||     1
   Stab: Sleeping          |     4 |       ||     4
 Armour: Skin              |    29 |    20 ||    49
  Dodge: Dodged            |    37 |    31 ||    68

Table legend: (Time is in decaauts)
 A = Elapsed time spent in this place.
 B = Non-inter-level travel time spent in this place.
 C = Inter-level travel time spent in this place.
 D = Time resting spent in this place.
 E = Time spent auto-exploring this place.
 F = Levels seen in this place.
 G = Mean time per level.
                   A        B        C        D        E       F      G
               +--------+--------+--------+--------+--------+-----+--------+
         Total |   2623 |   2423 |    200 |     66 |   2020 |   6 |  437.2 |
       Dungeon |   2623 |   2423 |    200 |     66 |   2020 |   6 |  437.2 |
               +--------+--------+--------+--------+--------+-----+--------+

Top non-repeatable levels by time:
     D:2: 1311 daAuts
     D:1: 756 daAuts
     D:3: 524 daAuts
     D:6: 24 daAuts
     D:5: 3 daAuts
     D:4: 3 daAuts
